 Dungeon Crawl Stone Soup version 0.16-a0-3159-g1b9e691 (webtiles) character file.

8571 Johnny the Quickloader (level 11, -21/81 HPs)
             Began as a Human Hunter on Dec 15, 2014.
             Was an Elder of Okawaru.
             Engulfed by a cloud of flame (23 damage)
             ... on level 9 of the Dungeon.
             The game lasted 00:27:38 (13661 turns).

Johnny the Quickloader (Human Hunter)              Turns: 13661, Time: 00:27:38

Health: -21/81     AC: 10    Str: 13    XL:     11   Next: 58%
Magic:  11/12      EV: 23    Int: 16    God:    Okawaru [****..]
Gold:   516        SH:  0    Dex: 17    Spells: 0 memorised, 10 levels left

rFire  . . .     SeeInvis .     b - +1 hand crossbow
rCold  . . .     Clarity  .     m - +3 leather armour
rNeg   . . .     SustAb   .     (no shield)
rPois  .         Gourm    +     u - +0 helmet
rElec  .         Spirit   .     (no cloak)
rCorr  .         Warding  .     (no gloves)
rMut   .         Stasis   .     n - +0 pair of boots
MR     .....                    w - amulet of the gourmand
Stlth  +++.......               J - ring of invisibility
                                B - ring of the Burgomaster {Wiz Int+5}

@: heroism, not resistant to hostile enchantments, fairly stealthy
A: no striking features
a: Heroism, Renounce Religion, Evoke Invisibility


You were on level 9 of the Dungeon.
You worshipped Okawaru.
Okawaru was greatly pleased with you.
You were near starving.

You visited 2 branches of the dungeon, and saw 11 of its levels.

You collected 516 gold pieces.

Inventory:

Hand weapons
 b - a +1 hand crossbow (weapon)
 o - a +0 falchion of slicing
 r - a +2 dagger of draining
 I - a +0 flail
Missiles
 c - 16 steel bolts
 L - 6 bolts (quivered)
 N - 13 silver bolts
 R - a stone
Armour
 m - a +3 leather armour (worn)
 n - a +0 pair of boots (worn)
 u - a +0 helmet (worn)
Jewellery
 h - a cursed ring of fire {unknown}
 w - an amulet of the gourmand (around neck)
 B - the ring of the Burgomaster (left hand) {Wiz Int+5}
   (You took it off an orc on level 5 of the Dungeon)

   [ring of wizardry]

   It improves your spell success rate.
   It affects your intelligence (+5).
 J - a ring of invisibility (right hand)
 K - an uncursed amulet of clarity {unknown}
Magical devices
 j - a wand of digging (19)
 t - a wand of polymorph (0)
 C - a wand of cold (0)
 G - a wand of fire (0)
 Q - a wand of magic darts (27)
Scrolls
 d - a scroll of random uselessness
 i - 3 scrolls of enchant armour
 k - 4 scrolls of fog
 v - 2 scrolls of amnesia
 y - a scroll of blinking
Potions
 g - 3 potions of magic
 p - a potion of resistance {unknown}
 q - a potion of flight {unknown}
 s - a potion of beneficial mutation {unknown}
 x - 2 potions of brilliance
 z - 2 potions of poison
 D - a potion of experience {unknown}
 E - 3 potions of restore abilities {unknown}
 H - 3 potions of degeneration {unknown}
 M - a potion of haste {unknown}
Comestibles
 f - 3 bread rations
 l - 5 meat rations
 A - 17 fruits
 O - 2 beef jerkies
 P - 7 slices of pizza


   Skills:
 + Level 5.6(10.6) Fighting
 - Level 4.4(9.5) Short Blades
 - Level 1.7(8.3) Long Blades
 * Level 11.3(16.3) Crossbows
 + Level 4.4(9.4) Armour
 + Level 10.6(15.6) Dodging
 - Level 1.0(6.0) Stealth
 + Level 0.9 Evocations


You had 10 spell levels left.
You didn't know any spells.

Dungeon Overview and Level Annotations

Branches:
Dungeon (10/15)            Temple (1/1) D:5            Lair (0/8) D:9
    Orc: D:9-12

Altars:
Ashenzari
Cheibriados
Dithmenos
Elyvilon
Fedhas
Gozag
Kikubaaqudgha
Makhleb
Nemelex Xobeh
Okawaru
Qazlal
Ru
Sif Muna
Trog
Vehumet
Xom
Yredelemnul
Zin
The Shining One

Annotations:
D:6 runed door


Message History

The troll completely misses you.
Firing (i - inventory. (,) - cycle):
L - 8 bolts (quivered)
Press: ? - help, Shift-Dir - straight line, f/p - troll
Aim: a troll (almost dead, inner flame)
You shoot a bolt.
The bolt hits the troll but does no damage.
The troll is almost dead.
The troll bites you! The troll misses you. The troll misses you.
Firing (i - inventory. (,) - cycle):
L - 7 bolts (quivered)
Press: ? - help, Shift-Dir - straight line, f/p - troll
Aim: a troll (almost dead, inner flame)
You shoot a bolt. The bolt hits the troll!
The troll explodes!
The fiery explosion engulfs you!
* * * LOW HITPOINT WARNING * * *
Okawaru accepts your kill. Something appears at your feet!
Okawaru grants you a gift!
You are engulfed in roaring flames.
You die...

##............# ##.......)....##
###..>...###....# ##......###
#..(.## #.....### #(..(.##
#....## #)...... ######...##
##.......
###...##....######....(...
##......#§@..##............
##...###.§§§.........[......
#####.....##.§§§.....####....##.
##..#..P....#(....##### #...####
....#..P.P..#..#..# ##..## #
............(..#..# #....####
###...........##..# #........
###.....>.....##..# ##........
.###.......).###..## #....(....


There were no monsters in sight!

Vanquished Creatures
  A hydra (D:8)
  Pikel (D:7)
  A hill giant (D:10)
  An elephant (D:9)
  Joseph (D:7)
  A troll (D:9)
  A deep elf mage (D:9)
  2 hungry ghosts
  2 hippogriffs
  3 yaks
  A water moccasin (D:10)
  2 orc warriors
  A slave (D:7)
  A black bear (D:9)
  2 ice beasts
  3 sky beasts
  5 ogres
  6 centaurs
  Sigmund (D:6)
  Duvessa (D:6)
  4 big kobolds
  3 giant frogs
  2 crocodiles (D:9)
  2 gnoll sergeants
  A scorpion (D:5)
  11 killer bees
  An electric eel (D:8)
  Dowan (D:6)
  2 goliath beetles (D:9)
  A centaur zombie (D:7)
  8 hounds
  7 crimson imps
  6 orc wizards
  4 giant frog zombies
  6 orc priests
  A centaur skeleton (D:5)
  8 worker ants
  3 iguanas
  2 sheep (D:8)
  Ijyb (D:4)
  A hound zombie (D:5)
  A hound skeleton (D:4)
  Robin (D:2)
  9 adders
  A worker ant zombie (D:5)
  11 gnolls
  2 giant mites
  A shadow imp (D:7)
  An adder skeleton (D:7)
  2 adder zombies (D:5)
  3 giant geckos
  31 orcs
  A ball python (D:4)
  A bat zombie (D:6)
  5 giant cockroaches
  19 goblins
  20 hobgoblins
  15 bats
  6 giant newts
  8 jackals
  28 kobolds
  4 quokkas
  A quokka zombie (D:6)
  24 rats
  3 ballistomycetes (D:8)
  A plant (D:9)
311 creatures vanquished.

Vanquished Creatures (others)
  A jelly (D:7)
  An orc priest (D:7)
  An orc wizard (D:7)
  An orc (D:7)
  A giant cockroach (D:7)
  A giant spore (D:8)
  A plant (D:9)
7 creatures vanquished.

Grand Total: 318 creatures vanquished

Notes
Turn   | Place    | Note
--------------------------------------------------------------
     0 | D:1      | Johnny, the Human Hunter, began the quest for the Orb.
     0 | D:1      | Reached XP level 1. HP: 16/16 MP: 1/1
   113 | D:1      | Reached XP level 2. HP: 22/22 MP: 2/2
   545 | D:2      | Reached XP level 3. HP: 27/27 MP: 3/3
   554 | D:2      | Reached skill level 5 in Crossbows
   949 | D:2      | Reached XP level 4. HP: 33/33 MP: 4/4
  1113 | D:3      | Noticed Robin
  1258 | D:2      | Reached skill level 1 in Armour
  1540 | D:2      | Killed Robin
  1762 | D:3      | Reached XP level 5. HP: 38/38 MP: 5/5
  2638 | D:4      | Reached XP level 6. HP: 38/44 MP: 6/6
  2714 | D:4      | Reached skill level 1 in Long Blades
  3005 | D:4      | Reached skill level 6 in Crossbows
  3069 | D:4      | Noticed Ijyb
  3080 | D:4      | Killed Ijyb
  3256 | D:4      | Noticed an ogre
  3263 | D:4      | Killed an ogre
  3263 | D:4      | Reached XP level 7. HP: 50/50 MP: 7/7
  3709 | D:5      | Entered Level 5 of the Dungeon
  3768 | D:5      | Found a staircase to the Ecumenical Temple.
  3792 | Temple   | Entered the Ecumenical Temple
  3892 | Temple   | Became a worshipper of Warmaster Okawaru
  3973 | D:5      | Reached skill level 7 in Crossbows
  4341 | D:5      | Reached XP level 8. HP: 33/56 MP: 8/8
  4468 | D:5      | Got a scorched pewter ring
  4728 | D:5      | Found an opulent altar of Gozag.
  4829 | D:5      | Reached skill level 8 in Crossbows
  4894 | D:5      | Reached skill level 1 in Short Blades
  5157 | D:6      | Acquired Okawaru's first power
  5214 | D:6      | Identified the ring of the Burgomaster {Wiz Int+5} (You took it off an orc on level 5 of the Dungeon)
  5401 | D:6      | Reached skill level 5 in Dodging
  5426 | D:6      | Noticed Duvessa
  5426 | D:6      | Noticed Dowan
  5452 | D:6      | Killed Duvessa
  5487 | D:6      | Killed Dowan
  5598 | D:6      | Found a runed door.
  5631 | D:6      | Found a runed door.
  5700 | D:6      | Reached XP level 9. HP: 61/63 MP: 9/9
  5743 | D:6      | Noticed Sigmund
  5894 | D:6      | Killed Sigmund
  6212 | D:6      | Reached skill level 9 in Crossbows
  6814 | D:7      | Noticed Joseph
  6841 | D:7      | Killed Joseph
  7491 | D:7      | Noticed Pikel
  7538 | D:7      | Reached XP level 10. HP: 68/71 MP: 10/10
  7565 | D:7      | Killed Pikel
  8566 | D:8      | Found a sacrificial altar of Ru.
  9112 | D:8      | Reached skill level 10 in Crossbows
  9386 | D:8      | Noticed a three-headed hydra
  9409 | D:8      | Killed a three-headed hydra
  9409 | D:8      | Reached skill level 5 in Fighting
  9890 | D:9      | Noticed an elephant
  9910 | D:9      | Reached XP level 11. HP: 66/79 MP: 12/12
 10457 | D:10     | Entered Level 10 of the Dungeon
 10584 | D:10     | Noticed a hill giant
 10654 | D:10     | Killed a hill giant
 10654 | D:10     | Received a gift from Okawaru
 10654 | D:10     | Reached skill level 10 in Dodging
 11153 | D:9      | Found a staircase to the Lair.
 11223 | D:9      | Killed an elephant
 11223 | D:9      | Received a gift from Okawaru
 11763 | D:9      | Reached skill level 11 in Crossbows
 12391 | D:9      | Found a stormy altar of Qazlal.
 13661 | D:9      | HP: 2/80 [troll/exploding inner flame[the player character] (38)]
 13661 | D:9      | Received a gift from Okawaru
 13661 | D:9      | Engulfed by a cloud of flame

Action                   |  1- 3 |  4- 6 |  7- 9 | 10-12 || total
-------------------------+-------+-------+-------+-------++-------
Melee: Falchion          |       |   111 |    98 |    50 ||   259
       Dagger            |       |    70 |   471 |   621 ||  1162
       Unarmed           |       |     9 |       |       ||     9
       Hand crossbow     |       |       |       |     2 ||     2
 Fire: Hand crossbow     |    83 |    44 |   119 |   270 ||   516
Invok: Heroism           |       |       |       |     2 ||     2
 Abil: Evoke Invisibilit |       |       |       |     1 ||     1
Evoke: Wand              |       |       |       |     9 ||     9
  Use: Scroll            |       |       |     9 |    10 ||    19
       Potion            |       |       |       |     3 ||     3
 Stab: Sleeping          |       |       |     2 |     1 ||     3
       Invisible         |       |       |       |     2 ||     2
  Eat: Chunk             |       |     9 |    16 |    17 ||    42
       Beef jerky        |       |     1 |       |       ||     1
       Pizza             |       |       |       |     2 ||     2
